 Dungeon Crawl Stone Soup version 0.25-a0-737-g26c3a87c45 (webtiles) character file.

Game seed: 9026908835755985764, levelgen mode: deterministic

342 DungeonMaster the Nimble (level 6, -9/43 HPs)
             Began as a Demonspawn Wanderer on Apr 12, 2020.
             Mangled by an ogre
             ... wielding a +0 giant club
              (25 damage)
             ... on level 4 of the Dungeon.
             The game lasted 00:10:43 (2512 turns).

DungeonMaster the Nimble (Demonspawn Wanderer)      Turns: 2512, Time: 00:10:43

Health: -9/43      AC:  5    Str: 14    XL:     6   Next: 30%
Magic:  9/12       EV: 18    Int: 13    God:
Gold:   124        SH:  0    Dex: 13    Spells: 12/13 levels left

rFire    . . .     SeeInvis .   a - +2 dagger (venom)
rCold    . . .     Gourm    .   (no shield)
rNeg     . . .     Faith    .   d - +1 robe
rPois    .         Spirit   .   (helmet restricted)
rElec    .         Reflect  .   (no cloak)
rCorr    .         Harm     .   (no gloves)
MR       .....                  (no boots)
Stlth    +.........             (no amulet)
HPRegen  0.14/turn              (no ring)
MPRegen  0.13/turn              (no ring)

@: very slightly contaminated
A: horns 1, slimy green scales 1, rot immunity
a: no special abilities


You were on level 4 of the Dungeon.
You were not hungry.

You visited 1 branch of the dungeon, and saw 4 of its levels.

You collected 124 gold pieces.

Inventory:

Hand Weapons
 a - a +2 dagger of venom (weapon)
Missiles
 c - 35 stones (quivered)
 g - 97 arrows
 p - 8 poisoned darts
 q - 10 bolts
Armour
 d - a +1 robe (worn)
 h - a cursed +0 leather armour
 n - a cursed +1 buckler
Jewellery
 e - a +2 ring of dexterity
 m - an uncursed ring of positive energy
Wands
 o - a wand of paralysis (6)
Scrolls
 j - 2 scrolls of remove curse
 l - 2 scrolls of identify
Potions
 b - a potion of might
 s - a potion of haste {unknown}
Comestibles
 f - 5 rations


   Skills:
 * Level 1.3 Fighting
 * Level 0.1 Armour
 - Level 10.9 Dodging
 * Level 1.0 Shields
 * Level 4.2 Spellcasting
   Level 2.0 Conjurations
   Level 1.0 Hexes
   Level 3.6 Translocations
 - Level 1.0 Evocations


You had 12 spell levels left.
You knew the following spells:

 Your Spells              Type           Power        Failure   Level  Hunger
a - Sting                 Tmut/Pois      #...         21%         1    None

Your spell library contained the following spells:

 Spells                   Type           Power        Failure   Level  Hunger
 Blink                    Tloc           N/A          7%          2    ##.....
 Shroud of Golubria       Chrm/Tloc      #.....       14%         2    ##.....
 Gell's Gravitas          Tloc           ##........   14%         3    ###....
 Lesser Beckoning         Tloc           ##........   14%         3    ###....
 Teleport Other           Tloc           ##......     14%         3    ###....
 Passage of Golubria      Tloc           N/A          41%         4    ####...
 Mephitic Cloud           Conj/Pois/Air  #.......     43%         3    ###....


Dungeon Overview and Level Annotations

Branches:
Dungeon (4/15)
 Temple: D:4-7

Altars:
Dithmenos
Xom


Innate Abilities, Weirdness & Mutations

You have a pair of small horns on your head.
You are partially covered in slimy green scales. (AC +2)
You are immune to rotting.


Message History

The howler monkey hoots and howls with incredible vigour!
You hear a shout!
You hear an angry hiss.
It was a potion of experience.
You feel more experienced!
Your Dodging skill gained 9 levels and is now at level 10!
You have reached level 6!
Your experience leads to an increase in your attributes!
Increase (S)trength, (I)ntelligence, or (D)exterity?
You feel clever. The howler monkey hits you.
The orc priest casts a cantrip, but nothing happens.
The ogre completely misses you.
You hit the howler monkey but do no damage.
The howler monkey is poisoned.
The howler monkey is severely wounded.
The howler monkey hits you but does no damage.
The orc hits you but does no damage. The water moccasin skeleton misses you.
The ogre hits you with a +0 giant club!!
Ouch! That really hurt!
You die...

............########.#
.##.#.###.#............
o.....###.#...###.....
......................
...#...#.#..#.##.###.#
#o..#.#...........#
#.o.#.#.##..#.##..
#ZhO#.....#.#.#
#o@.#.....#...##..#
#####.....##..##..#
...... #..##..# #.....
#..##..#
#$...$###.##.<#
+.......# ###..#..#
#..#..# #.....#


You could see an ogre, a howler monkey, an orc priest, 2 orcs and a water
moccasin skeleton.

Vanquished Creatures
  Natasha (thrice) (D:3)
  An orc wizard (D:2)
  2 adders
  2 dart slugs (D:1)
  3 leopard geckos
  4 orcs (D:3)
  A ball python (D:2)
  4 giant cockroaches
  4 goblins
  5 hobgoblins
  6 kobolds
  A quokka (D:3)
  6 bats
  5 frilled lizards
  6 rats
53 creatures vanquished.

Notes
Turn   | Place    | Note
-------+----------+-------------------------------------------
     0 | D:1      | DungeonMaster the Demonspawn Wanderer began the quest for
                  | the Orb.
     0 | D:1      | DungeonMaster set off with the following items: a +0 club,
                  | a potion of curing, a +0 robe, a ration; and the following
                  | spell memorised: Sting; and the following spells available
                  | to memorise: Blink, Gell's Gravitas, Lesser Beckoning,
                  | Teleport Other, Shroud of Golubria, Mephitic Cloud, Passage
                  | of Golubria
     0 | D:1      | Reached XP level 1. HP: 13/13 MP: 2/2
    20 | D:1      | Gained mutation: You are partially covered in slimy green
                  | scales. (AC +2) [demonic ancestry]
    20 | D:1      | Reached XP level 2. HP: 4/19 MP: 0/5
   620 | D:2      | Reached XP level 3. HP: 22/25 MP: 2/6
   886 | D:2      | Found a shadowy altar of Dithmenos.
  1170 | D:3      | Noticed Natasha
  1187 | D:3      | Killed Natasha
  1187 | D:3      | Reached skill level 1 in Fighting
  1187 | D:3      | Gained mutation: You have a pair of small horns on your
                  | head. [demonic ancestry]
  1187 | D:3      | Reached XP level 4. HP: 17/32 MP: 3/8
  1272 | D:3      | Noticed Natasha
  1283 | D:3      | Killed Natasha
  1497 | D:3      | Noticed Natasha
  1507 | D:3      | Killed Natasha
  1507 | D:3      | Reached skill level 1 in Dodging
  1610 | D:3      | Paralysed by an orc for 6 turns
  1641 | D:2      | Gained mutation: You are immune to rotting. [demonic
                  | ancestry]
  1641 | D:2      | Reached XP level 5. HP: 34/37 MP: 0/11
  1938 | D:3      | Found a shimmering altar of Xom.
  2493 | D:4      | Noticed an ogre
  2511 | D:4      | Reached skill level 10 in Dodging
  2511 | D:4      | Reached XP level 6. HP: 18/43 MP: 9/12
  2512 | D:4      | Mangled by an ogre

Levels and vault maps discovered:
D:1:      dpeg_arrival_tiny_a, layout_loops_ring, kennysheep_crisscross
D:2:      layout_loops_ring, nicolae_dithmenos_through_a_glass_darkly,
          minmay_overflow_temple_star_quad, minmay_tall_x
D:3:      layout_rooms, xom_teletrap_fun, uniq_natasha
D:4:      layout_basic, minmay_temple_entry_statues_fountains, first_ration

Skill      XL: |  1  2  3  4  5 |
---------------+----------------+-----
Spellcasting   | 2 3 4 |  4.2
Fighting       | 1 |  1.3
Dodging        | 1 10 | 10.9
Armour         | |  0.1
Shields        | |  1.0
Conjurations   | |  2.0
Hexes          | |  1.0
Translocations | |  3.6
Evocations     | |  1.0

Action                   |  1- 3 |  4- 6 || total
-------------------------+-------+-------++-------
Melee: Club              |     6 |       ||     6
       Dagger            |    20 |    27 ||    47
       Short sword       |     1 |       ||     1
       Headbutt          |       |     6 ||     6
Throw: Stone             |       |     3 ||     3
 Cast: Sting             |    45 |    54 ||    99
  Use: Potion            |     1 |     1 ||     2
       Scroll            |       |     7 ||     7
 Stab: Distracted        |     1 |       ||     1
       Sleeping          |     1 |       ||     1
  Eat: Chunk             |     2 |     4 ||     6
Armor: Robe              |    21 |    18 ||    39
Dodge: Dodged            |    35 |    47 ||    82

Table legend:
 A = Non-vault XP
 B = Vault XP
 C = Vault XP percentage of total XP
 D = Non-vault monster count
 E = Vault monster count
 F = Vault count percentage of total count
                 A         B        C        D         E       F
            +---------+---------+-------+---------+---------+-------
      Total |     218 |      35 |  13.8 |      52 |       1 |   1.9
            +---------+---------+-------+---------+---------+-------
        D:1 |      45 |       0 |   0.0 |      18 |       0 |   0.0
        D:2 |      62 |       0 |   0.0 |      10 |       0 |   0.0
        D:3 |     111 |      35 |  24.0 |      24 |       1 |   4.0
            +---------+---------+-------+---------+---------+-------
